 Dungeon Crawl Stone Soup version 0.29-a0-337-g68df138881 (webtiles) character file.

Game seed: 511539488750812213

4307 Agony the Spear-Bearer (level 10, -1/90 HPs)
             Began as a Minotaur Fighter on Apr 16, 2022.
             Was a Believer of the Shining One.
             Slain by a large slime creature (15 damage)
             ... on level 7 of the Dungeon.
             The game lasted 00:28:33 (6981 turns).

Agony the Spear-Bearer (Minotaur Fighter)           Turns: 6981, Time: 00:28:34

Health: -1/90      AC: 10    Str: 24    XL:     10   Next: 11%
Magic:  9/9        EV: 10    Int:  5    God:    the Shining One [**....]
Gold:   380        SH:  6    Dex: 11    Spells: 9/9 levels left

rFire   + . .      SeeInvis .   d - +5 trident
rCold   + . .      Faith    .   c - +0 buckler
rNeg    + + .      Spirit   .   A - +2 ring mail {rPois}
rPois   +          Reflect  .   h - -2 hat of the Alchemist {rElec rPois rF+ rC+ rN+ Will+ rMut rCorr}
rElec   +          Harm     .   (no cloak)
rCorr   +          Rampage  .   (no gloves)
rMut    +                       (no boots)
Will    +....                   (no amulet)
Stlth   +.........              g - +4 ring of protection
HPRegen 0.25/turn               r - ring of flight
MPRegen 0.11/turn

@: flying, glowing
A: horns 2, retaliatory headbutt
a: Renounce Religion, Divine Shield


You were on level 7 of the Dungeon.
You worshipped the Shining One.
The Shining One was pleased with you.
You visited 1 branch of the dungeon, and saw 7 of its levels.
You also visited: Sewer.

You collected 380 gold pieces.

Inventory:

Hand Weapons
 b - a +5 falchion
 d - a +5 trident (weapon)
 n - a +3 vorpal spear
 z - a +0 dire flail
Missiles
 u - a throwing net (quivered)
 x - 26 poisoned darts
Armour
 c - a +0 buckler (worn)
 h - the -2 hat of the Alchemist (worn) {rElec rPois rF+ rC+ rN+ Will+ rMut rCorr}
   (You acquired it on level 4 of the Dungeon)

   rF:        It protects you from fire.
   rC:        It protects you from cold.
   rElec:     It insulates you from electricity.
   rPois:     It protects you from poison.
   rN:        It protects you from negative energy.
   rCorr:     It protects you from acid and corrosion.
   rMut:      It protects you from mutation.
   Will:      It increases your willpower.
 A - a +2 ring mail of poison resistance (worn)
Jewellery
 g - a +4 ring of protection (left hand)
 r - a ring of flight (right hand)
 C - a ring of fire
Wands
 q - a wand of digging (3)
Scrolls
 i - 3 scrolls of amnesia
 k - a scroll of blinking {unknown}
 o - a scroll of noise
 w - 7 scrolls of identify
 y - a scroll of torment {unknown}
 D - a scroll of teleportation
Potions
 a - a potion of mutation
 e - a potion of heal wounds {unknown}
 f - a potion of invisibility {unknown}
 j - a potion of haste {unknown}
 l - 5 potions of curing
 m - 3 potions of degeneration {unknown}
 p - a potion of lignification {unknown}
 s - a potion of resistance {unknown}
 t - a potion of flight {unknown}
 v - a potion of brilliance {unknown}
 B - a potion of attraction {unknown}


   Skills:
 + Level 8.5 Fighting
 - Level 3.1(7.0) Axes
 * Level 9.8(10.1) Polearms
 + Level 8.4 Armour
 + Level 4.3 Stealth
 + Level 8.4 Shields


You had 9 spell levels left.
You didn't know any spells.
Your spell library contained the following spells:

 Spells                   Type           Power      Damage    Failure   Level
 Magic Dart               Conj           0%         1d3       67%         1
 Call Imp                 Summ           0%         N/A       82%         2
 Confusing Touch          Hex            0%         N/A       96%         3
 Mephitic Cloud           Conj/Pois/Air  0%         N/A       96%         3
 Yara's Violent Unravell  Hex/Tmut       0%         3d3       100%        5
 Enfeeble                 Hex            0%         N/A       100%        7


Dungeon Overview and Level Annotations

Branches:
Dungeon (7/15)             Temple (0/1) D:4           Sewer (visited)

Altars:
Makhleb
Qazlal
Sif Muna
Wu Jian
The Shining One


Innate Abilities, Weirdness & Mutations

You have a pair of horns on your head.
You reflexively headbutt those who attack you in melee.


Message History

Two slime creatures merge to form a large slime creature.
You puncture the large slime creature! You headbutt the large slime creature!
The large slime creature is moderately wounded.
You puncture the large slime creature!
The large slime creature is moderately wounded.
You puncture the large slime creature!
The large slime creature is heavily wounded.
Two slime creatures merge to form a very large slime creature.
You hear the steady creaking of a very distant portcullis.
You reach to attack!
You puncture the slime creature!
The slime creature is moderately wounded.
You reach to attack!
You puncture the slime creature!
The slime creature is heavily wounded.
You hit the slime creature. You headbutt the slime creature!
The slime creature is severely wounded.
The slime creature misses you. You furiously retaliate!
You headbutt the slime creature. You hit the slime creature.
You headbutt the slime creature.
You kill the slime creature!
You hit the slime creature. You headbutt the slime creature.
The slime creature is moderately wounded.
The slime creature barely misses you.
Two slime creatures merge to form a large slime creature.
You puncture the large slime creature! You headbutt the large slime creature!
The large slime creature is heavily wounded.
You hit the large slime creature.
The large slime creature is heavily wounded.
You puncture the large slime creature!
The large slime creature is heavily wounded.
The large slime creature hits you!!
You hit the large slime creature but do no damage.
The large slime creature is heavily wounded.
The large slime creature hits you!!!
* * * LOW HITPOINT WARNING * * *
The large slime creature attacks as you move away!
The large slime creature hits you!
* * * LOW HITPOINT WARNING * * *
The large slime creature attacks as you move away!
The large slime creature hits you!
You die...

)..####.#
#########.# ##.#
#.# #..J..# ##)#
#.# #.##### ..)#
#.# #.##.# ####
#.# #....# #.#
####.# #.# #.#
#.##############.#
#.........@J.....#
##################


You could see a large slime creature.

Vanquished Creatures
  Pikel (D:5)
  Maggie (D:6)
  A hornet (D:4)
  3 slime creatures (D:7)
  A steam dragon (D:6)
  A water moccasin (D:6)
  Duvessa (D:6)
  2 sky beasts (D:6)
  A black bear (D:5)
  Pargi (Sewer)
  An orc warrior (D:7)
  An ogre (D:5)
  A centaur (D:6)
  A kobold brigand (D:7)
  4 bullfrogs
  Blork the orc (D:6)
  2 necrophages
  4 scorpions
  10 wights
  Dowan (D:6)
  4 hounds
  2 jellies (D:5)
  5 iguanas
  Terence (D:3)
  An orc wizard (D:7)
  Robin (D:2)
  3 gnolls (D:5)
  6 adders
  A shadow imp (D:6)
  A white imp (D:7)
  An ufetubus (D:6)
  A dart slug (D:4)
  9 orcs
  13 ball pythons
  10 bats
  6 endoplasms
  3 giant cockroaches
  14 goblins
  6 hobgoblins
  17 kobolds
  7 quokkas
  A frilled lizard (D:2)
  8 rats
160 creatures vanquished.

Vanquished Creatures (others)
  A jelly (D:6)
  A fungus (D:1)
  3 plants
5 creatures vanquished.

Grand Total: 165 creatures vanquished

Notes
Turn   | Place    | Note
-------+----------+-------------------------------------------
     0 | D:1      | Agony the Minotaur Fighter began the quest for the Orb.
     0 | D:1      | Reached XP level 1. HP: 19/19 MP: 0/0
   183 | D:1      | Reached XP level 2. HP: 27/27 MP: 1/1
   192 | D:1      | Found a faded altar of an unknown god.
   219 | D:1      | Prayed at the altar of an unknown god.
   219 | D:1      | Became a worshipper of Sif Muna the Loreminder
   219 | D:1      | Reached * piety under Sif Muna
   690 | D:2      | Noticed Robin
   708 | D:2      | Reached XP level 3. HP: 26/33 MP: 2/2
   726 | D:2      | Reached ** piety under Sif Muna
   968 | D:2      | Killed Robin
  1127 | D:2      | Identified the +7 short sword of Chaos {spect, Int+4 Dex+3}
  1600 | D:3      | Noticed Terence
  1610 | D:2      | Reached XP level 4. HP: 41/41 MP: 3/3
  1623 | D:3      | Killed Terence
  1624 | D:3      | Reached skill level 1 in Polearms
  1799 | D:3      | Found a glowing golden altar of the Shining One.
  1808 | D:3      | Fell from the grace of Sif Muna
  1808 | D:3      | Became a worshipper of the Shining One
  1954 | D:3      | Reached XP level 5. HP: 29/47 MP: 4/4
  2226 | D:3      | Reached skill level 5 in Fighting
  2226 | D:3      | Reached skill level 2 in Polearms
  2226 | D:3      | Reached skill level 5 in Armour
  2226 | D:3      | Reached skill level 5 in Shields
  2287 | D:3      | Reached XP level 6. HP: 56/56 MP: 5/5
  2321 | D:3      | Reached skill level 3 in Polearms
  2499 | D:3      | Found an ornate altar of the Wu Jian Council.
  2654 | D:4      | Identified a scroll of acquirement
  2654 | D:4      | Acquired the -2 hat of the Alchemist {rElec rPois rF+ rC+
                  | rN+ Will+ rMut rCorr}
  2654 | D:4      | Found the -2 hat of the Alchemist {rElec rPois rF+ rC+ rN+
                  | Will+ rMut rCorr}
  2936 | D:4      | Noticed a hornet
  2943 | D:4      | Killed a hornet
  2944 | D:4      | Reached skill level 4 in Polearms
  2944 | D:4      | Reached XP level 7. HP: 55/62 MP: 6/6
  3086 | D:4      | Found a staircase to the Ecumenical Temple.
  3128 | D:4      | Reached skill level 5 in Polearms
  3322 | D:4      | Reached skill level 1 in Stealth
  4279 | D:5      | Entered Level 5 of the Dungeon
  4298 | D:5      | Reached * piety under the Shining One
  4503 | D:5      | Found a glowing drain.
  4512 | Sewer    | Entered a sewer
  4623 | Sewer    | Noticed Pargi
  4627 | Sewer    | Killed Pargi
  4628 | Sewer    | Reached XP level 8. HP: 67/71 MP: 7/7
  4951 | D:5      | Reached skill level 6 in Polearms
  5161 | D:5      | Found a stormy altar of Qazlal.
  5161 | D:5      | Noticed Pikel
  5173 | D:5      | Killed Pikel
  5173 | D:5      | Was forgiven by Sif Muna
  5174 | D:5      | Reached skill level 7 in Polearms
  5480 | D:6      | Noticed Duvessa
  5483 | D:6      | Reached XP level 9. HP: 70/79 MP: 8/8
  5485 | D:6      | Noticed Dowan
  5493 | D:6      | Killed Duvessa
  5498 | D:6      | Killed Dowan
  5616 | D:6      | Noticed Maggie
  5640 | D:6      | Killed Maggie
  5641 | D:6      | Reached skill level 8 in Polearms
  5907 | D:6      | Noticed Blork the orc
  5926 | D:6      | Killed Blork the orc
  6302 | D:6      | Reached ** piety under the Shining One
  6303 | D:6      | Reached skill level 9 in Polearms
  6646 | D:6      | Found a burning altar of Makhleb.
  6851 | D:7      | Identified the +1 ring mail of Jealuif {Dex+6}
  6926 | D:7      | Reached XP level 10. HP: 90/90 MP: 9/9
  6981 | D:7      | Slain by a large slime creature

Illustrated notes

Levels and vault maps discovered:
D:1:      dpeg_arrival_ternary, layout_rooms, shapermc_ecumenical_altar_ellora,
          minmay_misc_feat_cross, ebering_dispersal_statue_hall
D:2:      layout_loops_cross, wander_ebering_terrifying_dragon_lair, uniq_robin
D:3:      cheibrodos_old_hovel, layout_rooms, mainiacjoe_overflow_alcove_1,
          nicolae_tso_carved_into_rock, uniq_terence
D:4:      nicolae_cairo_tiling, layout_layer_cave,
          minmay_temple_entry_mini_moons, st_stairs_11
D:5:      nicolae_cairo_tiling_large, layout_cave_pods, grunt_qazlal_clouds,
          cheibrodos_sewer_entry_drain, uniq_pikel
D:6:      layout_basic, overflow_temple_1_default, uniq_duvessa, uniq_maggie,
          uniq_blork_the_orc
D:7:      cheibrodos_quashed, layout_basic, enter_bailey_4,
          uniq_crazy_yiuf_cottage

Skill      XL: |  1  2  3  4  5  6  7  8  9 |
---------------+----------------------------+-----
Armour         | 4 5 6 7 8 |  8.4
Fighting       | 4 5 6 7 8 |  8.5
Shields        | 4 5 6 7 8 |  8.4
Axes           | 3 |  3.1
Polearms       | 1 2 4 5 7 9 |  9.8
Stealth        | 1 2 4 |  4.3

Action                   |  1- 3 |  4- 6 |  7- 9 | 10-12 || total
-------------------------+-------+-------+-------+-------++-------
Melee: War axe           |    69 |       |       |       ||    69
       Headbutt          |    10 |    10 |    48 |     8 ||    76
       Spear             |    17 |    34 |       |       ||    51
       Trident           |       |    47 |   231 |    19 ||   297
  Use: Scroll            |     1 |     3 |     6 |       ||    10
       Potion            |       |     1 |       |       ||     1
Armor: Scale mail        |    55 |    22 |    55 |       ||   132
       Ring mail         |       |       |    32 |       ||    32
Dodge: Dodged            |    51 |    24 |    88 |     3 ||   166
Block: Buckler           |    25 |    13 |    49 |     1 ||    88

Table legend: (Time is in decaauts)
 A = Elapsed time spent in this place.
 B = Non-inter-level travel time spent in this place.
 C = Inter-level travel time spent in this place.
 D = Time resting spent in this place.
 E = Time spent auto-exploring this place.
 F = Levels seen in this place.
 G = Mean time per level.
                   A        B        C        D        E       F      G
               +--------+--------+--------+--------+--------+-----+--------+
         Total |   7003 |   6932 |     71 |   1135 |   4066 |   8 |  875.4 |
       Dungeon |   6851 |   6780 |     71 |   1135 |   4066 |   7 |  978.7 |
         Sewer |    152 |    152 |      0 |      0 |      0 |   1 |  152.0 |
               +--------+--------+--------+--------+--------+-----+--------+

Top non-repeatable levels by time:
     D:4: 1630 daAuts
     D:6: 1265 daAuts
     D:5: 1041 daAuts
     D:2: 1031 daAuts
     D:3: 852 daAuts
     D:1: 806 daAuts
     D:7: 223 daAuts
   Sewer: 152 daAuts
